| TOP OF THE 1ST |
|
University of California Golden Bears batting - Pitching for Clemson University Tigers : RHP Luis Yanez
|
|
Pitching: RHP Luis Yanez
|
|
|
Batting: LHB Eric Gaugler
|
0-0: Ball 1-0: Foul Ball, location: 2F 1-1: Swinging Strike 1-2: Ball 2-2: Fly out, F5 (Line Drive, 5L, EV 62.5 MPH)
|
|
Batting: RHB Mario Diaz
|
0-0: Ball 1-0: Ball 2-0: Ball 3-0: Base on Balls
|
|
Batting: LHB Carlos Gaona
|
0-0: Called Strike 0-1: Ball 1-1: Foul Ball, location: 2F 1-2: Fly out, F1 (Popup, P, EV 75.6 MPH)
|
|
Batting: LHB Dick Shafer
|
0-0: Called Strike 0-1: Ball 1-1: Foul Ball, location: 2F 1-2: Fly out, F6 (Popup, 6, EV 50.6 MPH)
|
| Top of the 1st over - 0 runs, 0 hits, 0 errors, 1 left on base; University of California 0 - Clemson University 0 |
| BOTTOM OF THE 1ST |
|
Clemson University Tigers batting - Pitching for University of California Golden Bears : RHP Robert Chauvel
|
|
Pitching: RHP Robert Chauvel
|
|
|
Batting: RHB Jason Duncan
|
0-0: Called Strike 0-1: Called Strike 0-2: Strikes out swinging
|
|
Batting: LHB Jayden Pelayo
|
0-0: Ball 1-0: Fly out, F9 (Flyball, BS6, EV 100.6 MPH)
|
|
Batting: RHB Chris Prinzing
|
0-0: Called Strike 0-1: Ground out 6-3 (Groundball, 6, EV 88.8 MPH)
|
| Bottom of the 1st over - 0 runs, 0 hits, 0 errors, 0 left on base; University of California 0 - Clemson University 0 |
| TOP OF THE 2ND |
|
University of California Golden Bears batting - Pitching for Clemson University Tigers : RHP Luis Yanez
|
|
Batting: RHB Alex Martinez
|
0-0: Ball 1-0: Fly out, F8 (Line Drive, 8LD, EV 90.6 MPH)
|
|
Batting: SHB Matsudaira Ikeda
|
0-0: Called Strike 0-1: Ball 1-1: Called Strike 1-2: SINGLE (Groundball, 34S, EV 66.9 MPH) (infield hit)
|
|
Batting: LHB Luis Orellana
|
0-0: Foul Ball, location: 2F 0-1: Ball 1-1: Ball 2-1: Foul Ball, location: 2F 2-2: Foul Ball, location: 2F 2-2: Foul Ball, location: 2F 2-2: Foul Ball, location: 2F 2-2: Foul Ball, location: 2F 2-2: Fly out, F4 (Line Drive, 4, EV 59.4 MPH)
|
|
Batting: RHB Kevin Harris
|
0-0: Called Strike 0-1: Ball 1-1: Swinging Strike 1-2: Ball 2-2: Foul Ball, location: 2F 2-2: Strikes out swinging
|
| Top of the 2nd over - 0 runs, 1 hit, 0 errors, 1 left on base; University of California 0 - Clemson University 0 |
| BOTTOM OF THE 2ND |
|
Clemson University Tigers batting - Pitching for University of California Golden Bears : RHP Robert Chauvel
|
|
Batting: RHB Jorge Alva
|
0-0: Swinging Strike 0-1: Ball 1-1: Ball 2-1: Foul Ball, location: 2F 2-2: Ball 3-2: Foul Ball, location: 2F 3-2: Foul Ball, location: 2F 3-2: Base on Balls
|
|
Batting: RHB Josh LeSage
|
0-0: Ball 1-0: 2-RUN HOME RUN (Line Drive, 78XD, EV 109.4 MPH), Distance : 427 ft
|
|
Batting: LHB John Rumbolt
|
0-0: Ball 1-0: Foul Ball, location: 2F 1-1: Ball 2-1: Foul Ball, location: 2F 2-2: Ground out 2-3 (Groundball, 2L, EV 70.0 MPH)
|
|
Batting: RHB Ryan Thurston
|
0-0: DOUBLE (Line Drive, 78D, EV 105.6 MPH)
|
|
Batting: LHB Jackson Wither
|
0-0: Called Strike 0-1: Ball 1-1: Swinging Strike 1-2: Foul Ball, location: 2F 1-2: Ball 2-2: Foul Ball, location: 2F 2-2: SINGLE (Groundball, 6MS, EV 67.5 MPH) (infield hit) Ryan Thurston to third
|
|
Batting: RHB Neal Perucci
|
0-0: Ball 1-0: Ball Jackson Wither steals 2nd, throwing error, E2 Ryan Thurston scores Jackson Wither to third 2-0: Ground out 4-3 (Groundball, 4M, EV 83.1 MPH) Jackson Wither scores
|
|
Batting: RHB Jason Duncan
|
0-0: Ball 1-0: Ball 2-0: Foul Ball, location: 2F 2-1: Ball 3-1: SOLO HOME RUN (Line Drive, 89XD, EV 109.4 MPH), Distance : 426 ft
|
|
Batting: LHB Jayden Pelayo
|
0-0: Ball 1-0: Ball 2-0: Called Strike 2-1: Foul Ball, location: 2F 2-2: Ball 3-2: SOLO HOME RUN (Flyball, 9LD, EV 93.1 MPH), Distance : 351 ft
|
|
Batting: RHB Chris Prinzing
|
0-0: Ball 1-0: Ball 2-0: Ball 3-0: Base on Balls
|
|
Pitching: LHP John van Asten
|
|
|
Batting: RHB Jorge Alva
|
0-0: Called Strike 0-1: Ball 1-1: SINGLE (Line Drive, 6D, EV 95.0 MPH) Chris Prinzing to second
|
|
Batting: RHB Josh LeSage
|
0-0: Foul Ball, location: 2F 0-1: Fly out, F7 (Flyball, 7D, EV 90.6 MPH)
|
| Bottom of the 2nd over - 6 runs, 6 hits, 1 error, 2 left on base; University of California 0 - Clemson University 6 |
| TOP OF THE 3RD |
|
University of California Golden Bears batting - Pitching for Clemson University Tigers : RHP Luis Yanez
|
|
Batting: RHB Domingas Saragoa
|
0-0: Fly out, F8 (Flyball, 8RD, EV 91.2 MPH)
|
|
Batting: LHB Eric Gaugler
|
0-0: Ball 1-0: Called Strike 1-1: DOUBLE (Line Drive, 9LM, EV 110.6 MPH)
|
|
Batting: RHB Mario Diaz
|
0-0: Ball 1-0: Fly out, F9 (Flyball, 89M, EV 91.9 MPH)
|
|
Batting: LHB Carlos Gaona
|
0-0: Ball 1-0: Called Strike 1-1: Foul Ball, location: 2F 1-2: Ball 2-2: Foul Ball, location: 2F 2-2: Ball 3-2: Base on Balls
|
|
Batting: LHB Dick Shafer
|
0-0: Ball 1-0: Called Strike 1-1: Fly out, F7 (Flyball, 7S, EV 88.1 MPH)
|
| Top of the 3rd over - 0 runs, 1 hit, 0 errors, 2 left on base; University of California 0 - Clemson University 6 |
| BOTTOM OF THE 3RD |
|
Clemson University Tigers batting - Pitching for University of California Golden Bears : LHP John van Asten
|
|
Batting: LHB John Rumbolt
|
0-0: Ball 1-0: Swinging Strike 1-1: Foul Ball, location: 2F 1-2: Ball 2-2: SINGLE (Line Drive, 7LS, EV 98.8 MPH)
|
|
Batting: RHB Ryan Thurston
|
0-0: Ball 1-0: Ball 2-0: Called Strike 2-1: Called Strike 2-2: Ball 3-2: Base on Balls John Rumbolt to second
|
|
Batting: LHB Jackson Wither
|
0-0: Swinging Strike 0-1: Ball 1-1: Ball 2-1: Foul Ball, location: 2F 2-2: SINGLE (Line Drive, 34D, EV 105.0 MPH) John Rumbolt to third Ryan Thurston to second
|
|
Batting: RHB Neal Perucci
|
0-0: Called Strike 0-1: Ground out 5-3 (Groundball, 56S, EV 65.0 MPH) John Rumbolt scores Ryan Thurston to third Jackson Wither to second
|
|
Batting: RHB Jason Duncan
|
0-0: Swinging Strike 0-1: Foul Ball, location: 2F 0-2: Foul Ball, location: 2F 0-2: Ball 1-2: SINGLE (Groundball, 56, EV 85.6 MPH) (infield hit) Ryan Thurston scores Jackson Wither to third
|
|
Batting: LHB Jayden Pelayo
|
0-0: Called Strike 0-1: Foul Ball, location: 2F 0-2: DOUBLE (Line Drive, 3D, EV 103.1 MPH) Jackson Wither scores Jason Duncan to third
|
|
Batting: RHB Chris Prinzing
|
0-0: Ball 1-0: Foul Ball, location: 2F 1-1: Ball 2-1: Ball 3-1: Base on Balls
|
|
Batting: RHB Jorge Alva
|
0-0: Called Strike 0-1: SINGLE (Line Drive, 4MD, EV 99.4 MPH) Jason Duncan scores Jayden Pelayo to third Chris Prinzing to second Runner from 3rd tries for Home, SAFE, throw by CF to home
|
|
Pitching: RHP Travis Morris
|
|
|
Batting: RHB Josh LeSage
|
0-0: Ball 1-0: Called Strike 1-1: Foul Ball, location: 2F 1-2: Ball 2-2: DOUBLE (Line Drive, 7LM, EV 92.5 MPH) Chris Prinzing scores Jorge Alva to third Runner from 3rd tries for Home, SAFE, no throw by LF
|
|
Pinch Runner at 2nd Juan Barela:
|
|
|
Batting: LHB John Rumbolt
|
0-0: SINGLE (Line Drive, 8LS, EV 98.1 MPH) Juan Barela to third
|
|
Batting: RHB Ryan Thurston
|
0-0: Called Strike 0-1: Ball 1-1: Ball 2-1: Grounds into double play, 6-4-3 (Groundball, 56, EV 102.5 MPH)
|
| Bottom of the 3rd over - 7 runs, 7 hits, 0 errors, 1 left on base; University of California 0 - Clemson University 13 |
| TOP OF THE 4TH |
|
University of California Golden Bears batting - Pitching for Clemson University Tigers : RHP Luis Yanez
|
|
Now at 2B: Juan Barela
|
|
|
Batting: RHB Alex Martinez
|
0-0: Called Strike 0-1: Swinging Strike 0-2: SINGLE (Flyball, 78S, EV 86.9 MPH)
|
|
Batting: SHB Matsudaira Ikeda
|
0-0: Ball 1-0: Ball 2-0: Grounds into double play, 4-6-3 (Groundball, 4, EV 82.5 MPH)
|
|
Batting: LHB Luis Orellana
|
0-0: Swinging Strike 0-1: Ball 1-1: Foul Ball, location: 2F 1-2: Ground out 6-3 (Groundball, 6M, EV 108.8 MPH)
|
| Top of the 4th over - 0 runs, 1 hit, 0 errors, 0 left on base; University of California 0 - Clemson University 13 |
| BOTTOM OF THE 4TH |
|
Clemson University Tigers batting - Pitching for University of California Golden Bears : RHP Travis Morris
|
|
Batting: LHB Jackson Wither
|
0-0: Called Strike 0-1: Ground out 6-3 (Groundball, 56, EV 105.0 MPH)
|
|
Batting: RHB Neal Perucci
|
0-0: Called Strike 0-1: Ground out 6-3 (Groundball, 6, EV 83.8 MPH)
|
|
Batting: RHB Jason Duncan
|
0-0: Called Strike 0-1: Ball 1-1: Ball 2-1: Ball 3-1: Base on Balls
|
|
Batting: LHB Jayden Pelayo
|
0-0: Foul Ball, location: 2F 0-1: Ball 1-1: Ball 2-1: Foul Ball, location: 2F 2-2: Strikes out swinging
|
| Bottom of the 4th over - 0 runs, 0 hits, 0 errors, 1 left on base; University of California 0 - Clemson University 13 |
| TOP OF THE 5TH |
|
University of California Golden Bears batting - Pitching for Clemson University Tigers : RHP Luis Yanez
|
|
Batting: RHB Kevin Harris
|
0-0: Fly out, F9 (Flyball, 89M, EV 74.4 MPH)
|
|
Batting: RHB Domingas Saragoa
|
0-0: Fly out, F8 (Flyball, 8LM, EV 88.8 MPH)
|
|
Batting: LHB Eric Gaugler
|
0-0: Ball 1-0: Fly out, F8 (Flyball, 8RD, EV 92.5 MPH)
|
| Top of the 5th over - 0 runs, 0 hits, 0 errors, 0 left on base; University of California 0 - Clemson University 13 |
| BOTTOM OF THE 5TH |
|
Clemson University Tigers batting - Pitching for University of California Golden Bears : RHP Travis Morris
|
|
Batting: RHB Chris Prinzing
|
0-0: Ball 1-0: Ball 2-0: Ball 3-0: Called Strike 3-1: Base on Balls
|
|
Pitching: RHP Frank Salinas
|
|
|
Batting: RHB Jorge Alva
|
0-0: Foul Ball, location: 2F 0-1: SINGLE (Line Drive, 78S, EV 103.1 MPH) Chris Prinzing to second
|
|
Batting: RHB Juan Barela
|
0-0: Ball 1-0: Foul Ball, location: 2F 1-1: Ball 2-1: Foul Ball, location: 2F 2-2: Strikes out looking
|
|
Batting: LHB John Rumbolt
|
0-0: Grounds into double play, 4-6-3 (Groundball, 4, EV 100.6 MPH)
|
| Bottom of the 5th over - 0 runs, 1 hit, 0 errors, 1 left on base; University of California 0 - Clemson University 13 |
| TOP OF THE 6TH |
|
University of California Golden Bears batting - Pitching for Clemson University Tigers : RHP Luis Yanez
|
|
Batting: RHB Mario Diaz
|
0-0: Called Strike 0-1: Ball 1-1: SOLO HOME RUN (Flyball, 7D, EV 99.4 MPH), Distance : 379 ft
|
|
Batting: LHB Carlos Gaona
|
0-0: Foul Ball, location: 2F 0-1: Ball 1-1: Swinging Strike 1-2: Ball 2-2: Foul Ball, location: 2F 2-2: Foul Ball, location: 2F 2-2: Ground out 6-3 (Groundball, 6M, EV 98.1 MPH)
|
|
Batting: LHB Dick Shafer
|
0-0: Ball 1-0: Swinging Strike 1-1: Swinging Strike 1-2: Strikes out looking
|
|
Batting: RHB Alex Martinez
|
0-0: Called Strike 0-1: Foul Ball, location: 2F 0-2: Ball 1-2: DOUBLE (Line Drive, 9LD, EV 105.6 MPH)
|
|
Pitching: RHP Cong Tung
|
|
|
Batting: SHB Matsudaira Ikeda
|
0-0: Ball 1-0: Ball 2-0: Ball 3-0: Base on Balls
|
|
Batting: LHB Luis Orellana
|
0-0: Ball 1-0: Ball 2-0: Called Strike 2-1: Ball 3-1: Called Strike 3-2: Foul Ball, location: 2F 3-2: Foul Ball, location: 2F 3-2: Foul Ball, location: 2F 3-2: SINGLE (Line Drive, 7S, EV 112.5 MPH) Alex Martinez to third Matsudaira Ikeda to second Alex Martinez scores Matsudaira Ikeda to third
|
|
Batting: RHB Kevin Harris
|
0-0: Ball 1-0: Called Strike 1-1: Ball 2-1: Foul Ball, location: 2F 2-2: Ball 3-2: Foul Ball, location: 2F 3-2: Foul Ball, location: 2F 3-2: Strikes out looking
|
| Top of the 6th over - 2 runs, 3 hits, 0 errors, 2 left on base; University of California 2 - Clemson University 13 |
| BOTTOM OF THE 6TH |
|
Clemson University Tigers batting - Pitching for University of California Golden Bears : RHP Frank Salinas
|
|
Batting: RHB Ryan Thurston
|
0-0: Called Strike 0-1: Ball 1-1: Ball 2-1: Swinging Strike 2-2: Strikes out looking
|
|
Batting: LHB Jackson Wither
|
0-0: Ground out 6-3 (Groundball, 6, EV 91.2 MPH)
|
|
Batting: RHB Neal Perucci
|
0-0: Called Strike 0-1: Foul Ball, location: 2F 0-2: Ball 1-2: Ball 2-2: Strikes out swinging
|
| Bottom of the 6th over - 0 runs, 0 hits, 0 errors, 0 left on base; University of California 2 - Clemson University 13 |
| TOP OF THE 7TH |
|
University of California Golden Bears batting - Pitching for Clemson University Tigers : RHP Cong Tung
|
|
Batting: RHB Domingas Saragoa
|
0-0: Called Strike 0-1: Ball 1-1: Foul Ball, location: 2F 1-2: Ball 2-2: Strikes out swinging
|
|
Batting: LHB Eric Gaugler
|
0-0: Called Strike 0-1: Ball 1-1: Foul Ball, location: 2F 1-2: Strikes out swinging
|
|
Batting: RHB Mario Diaz
|
0-0: Fly out, F8 (Flyball, 8LD, EV 106.2 MPH)
|
| Top of the 7th over - 0 runs, 0 hits, 0 errors, 0 left on base; University of California 2 - Clemson University 13 |
| BOTTOM OF THE 7TH |
|
Clemson University Tigers batting - Pitching for University of California Golden Bears : RHP Frank Salinas
|
|
Batting: RHB Jason Duncan
|
0-0: Ball 1-0: Ball 2-0: Called Strike 2-1: Ball 3-1: Base on Balls
|
|
Batting: LHB Jayden Pelayo
|
0-0: Foul Ball, location: 2F 0-1: Swinging Strike 0-2: Foul Ball, location: 2F 0-2: Ball 1-2: Grounds into double play, 6-4-3 (Groundball, 6M, EV 106.9 MPH)
|
|
Batting: RHB Chris Prinzing
|
0-0: Ball 1-0: Ball 2-0: Foul Ball, location: 2F 2-1: Ball 3-1: Base on Balls
|
|
Batting: RHB Jorge Alva
|
0-0: Ball 1-0: Foul Ball, location: 2F 1-1: Swinging Strike 1-2: Ball 2-2: Fly out, F7 (Flyball, 7D, EV 101.2 MPH)
|
| Bottom of the 7th over - 0 runs, 0 hits, 0 errors, 1 left on base; University of California 2 - Clemson University 13 |
| TOP OF THE 8TH |
|
University of California Golden Bears batting - Pitching for Clemson University Tigers : RHP Cong Tung
|
|
Pitching: LHP Salvatore Vasquez
|
|
|
Batting: LHB Carlos Gaona
|
0-0: Swinging Strike 0-1: Foul Ball, location: 2F 0-2: Foul Ball, location: 2F 0-2: Ball 1-2: Ball 2-2: Foul Ball, location: 2F 2-2: Foul Ball, location: 2F 2-2: Foul Ball, location: 2F 2-2: Ball 3-2: Fly out, F7 (Flyball, 7, EV 86.2 MPH)
|
|
Batting: RHB Nate Mahon
|
0-0: Foul Ball, location: 2F 0-1: Called Strike 0-2: Foul Ball, location: 2F 0-2: Ball 1-2: Foul Ball, location: 2F 1-2: Ball 2-2: Foul Ball, location: 2F 2-2: Fly out, F8 (Flyball, 8LD, EV 91.9 MPH)
|
|
Batting: RHB Alex Martinez
|
0-0: Foul Ball, location: 2F 0-1: Fly out, F9 (Line Drive, 9, EV 104.4 MPH)
|
| Top of the 8th over - 0 runs, 0 hits, 0 errors, 0 left on base; University of California 2 - Clemson University 13 |
| BOTTOM OF THE 8TH |
|
Clemson University Tigers batting - Pitching for University of California Golden Bears : RHP Frank Salinas
|
|
Pitching: LHP Adam Gavel
|
|
|
Batting: RHB Juan Barela
|
0-0: SINGLE (Popup, 4MD, EV 48.8 MPH)
|
|
Batting: LHB John Rumbolt
|
0-0: Ball 1-0: Fly out, F8 (Flyball, 8LD, EV 96.2 MPH)
|
|
Batting: RHB Ryan Thurston
|
0-0: Swinging Strike 0-1: Ball 1-1: Ball 2-1: Fly out, F9 (Line Drive, 9, EV 87.5 MPH)
|
|
Batting: LHB Jackson Wither
|
0-0: Called Strike 0-1: Ball 1-1: Called Strike 1-2: Ball 2-2: Ball 3-2: Foul Ball, location: 2F 3-2: Foul Ball, location: 2F 3-2: Foul Ball, location: 2F 3-2: Fly out, F7 (Line Drive, 7LM, EV 95.0 MPH)
|
| Bottom of the 8th over - 0 runs, 1 hit, 0 errors, 1 left on base; University of California 2 - Clemson University 13 |
| TOP OF THE 9TH |
|
University of California Golden Bears batting - Pitching for Clemson University Tigers : LHP Salvatore Vasquez
|
|
Pinch Hitting: RHB Juan Debayle
|
0-0: Foul Ball, location: 2F 0-1: Swinging Strike 0-2: Strikes out swinging
|
|
Batting: LHB Luis Orellana
|
0-0: Ball 1-0: Ball 2-0: Called Strike 2-1: Ball 3-1: Fly out, F4 (Line Drive, 4, EV 73.1 MPH)
|
|
Pinch Hitting: RHB Alex Guerra
|
0-0: Called Strike 0-1: Ball 1-1: Called Strike 1-2: Ball 2-2: Strikes out looking
|
| Top of the 9th over - 0 runs, 0 hits, 0 errors, 0 left on base; University of California 2 - Clemson University 13 |
|